 Dungeon Crawl Stone Soup version 0.29.1-13-g9f3cf754e1 (webtiles) character file.

Game seed: 7961183436673455716

103 cowcol the Chopper (level 4, -1/41 HPs)
             Began as a Minotaur Monk on Jan 27, 2023.
             Slain by Grinder (5 damage)
             ... on level 3 of the Dungeon.
             The game lasted 00:06:20 (2268 turns).

cowcol the Chopper (Minotaur Monk)                  Turns: 2268, Time: 00:06:21

Health: -1/41      AC:  4    Str: 17    XL:     4   Next: 51%
Magic:  3/3        EV: 13    Int:  7    God:
Gold:   87         SH:  0    Dex: 13    Spells: 3/3 levels left

rFire   . . .      SeeInvis .   t - +3 long sword (vorpal)
rCold   . . .      Faith    .   (no shield)
rNeg    . . .      Spirit   .   b - +1 robe
rPois   .          Reflect  .   (helmet restricted)
rElec   .          Harm     .   q - +0 cloak
rCorr   .          Rampage  .   (no gloves)
Will    .....                   (no boots)
Stlth   ++........              (no amulet)
HPRegen 0.13/turn               (no ring)
MPRegen 0.08/turn               (no ring)

@: no status effects
A: horns 2, retaliatory headbutt
a: no special abilities


You were on level 3 of the Dungeon.
You visited 1 branch of the dungeon, and saw 3 of its levels.

You collected 87 gold pieces.

Inventory:

Hand Weapons
 a - a +0 hand axe
 f - a +0 dagger
 h - a +0 flail
 i - a +0 whip
 m - a +0 rapier
 t - a +3 vorpal long sword (weapon)
Missiles
 g - 2 poisoned darts (quivered)
Armour
 b - a +1 robe (worn)
 q - a +0 cloak (worn)
Jewellery
 r - an amulet of magic regeneration
Wands
 o - a wand of mindburst (17)
Scrolls
 d - a scroll of enchant weapon
 k - a scroll of teleportation
 n - a scroll of fear
Potions
 c - a potion of ambrosia
 e - 2 potions of flight {unknown}
 j - 3 potions of might {unknown}
 l - a potion of berserk rage {unknown}
 p - a potion of brilliance {unknown}
 s - a potion of attraction {unknown}


   Skills:
 + Level 4.4 Fighting
 + Level 4.8 Axes
 + Level 1.0 Throwing
 * Level 1.7 Armour
 + Level 3.6 Dodging
 + Level 1.8 Stealth


You had 3 spell levels left.
You didn't know any spells.
Your spell library contained the following spells:

 Spells                   Type           Power      Damage    Failure   Level
 Blink                    Tloc           0%         N/A       56%         2
 Lesser Beckoning         Tloc           0%         N/A       80%         3
 Manifold Assault         Tloc           0%         N/A       100%        5


Dungeon Overview and Level Annotations

Branches:
Dungeon (3/15)

Altars:
Wu Jian
Zin

Annotations:
D:3 Grinder


Innate Abilities, Weirdness & Mutations

You have a pair of horns on your head.
You reflexively headbutt those who attack you in melee.


Message History

Grinder hits you.
You can move again.
You hit Grinder.
Grinder is moderately wounded.
Grinder barely misses you.
You hit Grinder but do no damage. You headbutt Grinder.
Grinder is moderately wounded.
Grinder hits you but does no damage. Grinder gestures at you.
You barely resist.
Unknown command.
You closely miss Grinder. You headbutt Grinder.
Grinder is heavily wounded.
Grinder blinks!
Grinder gestures at you. You resist with significant effort.
Throw: 3 darts (poison)
Press: ? - help, Q - select action, (/) - cycle Shift-Dir - straight line, f/p - Grinder
Aim: Grinder (heavily wounded, 55% to hit)
You throw a poisoned dart.
The poisoned dart barely misses Grinder.
The poisoned dart hits the plant.
The plant is poisoned.
The plant begins to die.
Grinder gestures at you.
You suddenly lose the ability to move!
Grinder hits you!
* * * LOW HITPOINT WARNING * * *
You writhe in agony.
* * * LOW HITPOINT WARNING * * *
The plant looks more healthy.
A nearby plant withers and dies.
Grinder gestures at you. Pain shoots through your body!
* * * LOW HITPOINT WARNING * * *
You can move again.
You slash Grinder!
Grinder is almost dead.
Grinder hits you.
* * * LOW HITPOINT WARNING * * *
You writhe in agony.
You die...

#.......#
#.#########.#####.#
#.................#
#####.##########..# ##.#
#..# #..# #..# ####.##
#..# .....# #..###.##
........# #@.......
PP.............5......##
.PPPPP.[._.....#..###.#
.....PPP...PPP.#..# #
P......PPPPPP. ...#


PPPPP...PPP... #..# .PPPPPP...... #... ..(P #.## You could see Grinder.

Vanquished Creatures
  A gnoll (D:1)
  5 adders
  3 worms (D:2)
  A dart slug (D:2)
  An endoplasm (D:2)
  4 goblins
  9 hobgoblins
  3 quokkas
  4 ball pythons
  2 bats (D:1)
  A frilled lizard (D:1)
  3 kobolds
  2 rats (D:2)
39 creatures vanquished.

Vanquished Creatures (others)
  4 plants (D:3)
4 creatures vanquished.

Grand Total: 43 creatures vanquished

Notes
Turn   | Place    | Note
-------+----------+-------------------------------------------
     0 | D:1      | cowcol the Minotaur Monk began the quest for the Orb.
     0 | D:1      | Reached XP level 1. HP: 19/19 MP: 0/0
   175 | D:1      | Reached XP level 2. HP: 26/27 MP: 1/1
   972 | D:1      | Found a faded altar of an unknown god.
  1224 | D:2      | Reached XP level 3. HP: 33/33 MP: 2/2
  1234 | D:2      | Reached skill level 1 in Armour
  1702 | D:2      | Reached XP level 4. HP: 41/41 MP: 3/3
  2208 | D:3      | Reached skill level 1 in Throwing
  2208 | D:3      | Found a glowing silver altar of Zin.
  2212 | D:3      | Found an ornate altar of the Wu Jian Council.
  2236 | D:3      | Noticed Grinder
  2254 | D:3      | Paralysed by Grinder for 5 turns
  2263 | D:3      | Paralysed by Grinder for 5 turns
  2268 | D:3      | Slain by Grinder

Illustrated notes

Levels and vault maps discovered:
D:1:      amcnicky_arrival_choice, layout_loops_ring,
          dilly_ecumenical_altar_fadedgnrine, minmay_tromino_v4_b
D:2:      layout_rooms, minmay_hedge_maze
D:3:      layout_loops_ring, mainiacjoe_overflow_catch_the_wave, minmay_puff,
          uniq_grinder

Skill      XL: |  1  2  3  4 |
---------------+-------------+-----
Axes           | 4 |  4.8
Fighting       | 4 |  4.4
Armour         | 1 |  1.7
Throwing       | 1 |  1.0
Dodging        | |  3.6
Stealth        | |  1.8

Action                   |  1- 3 |  4- 6 || total
-------------------------+-------+-------++-------
Melee: Hand axe          |    61 |    37 ||    98
       Headbutt          |     7 |    13 ||    20
       Punch             |     1 |       ||     1
       Long sword        |       |     6 ||     6
Throw: Dart              |    17 |     9 ||    26
  Use: Scroll            |     8 |       ||     8
 Stab: Sleeping          |     1 |       ||     1
Armor: Robe              |    10 |     4 ||    14
Dodge: Dodged            |    30 |     9 ||    39
